 Dungeon Crawl Stone Soup version 0.20.1-1-g8b1a95d (webtiles) character file.

347 FollowTheCloud the Digger (level 6, -5/32 HPs)
             Began as a Gargoyle Earth Elementalist on Sept 3, 2017.
             Slain by Duvessa
             ... wielding a +2 antimagic rapier
              (9 damage)
             ... on level 4 of the Dungeon.
             The game lasted 00:10:13 (3684 turns).

FollowTheCloud the Digger (GrEE)                    Turns: 3684, Time: 00:10:13

Health: -5/32      AC:  6    Str: 12    XL:     6   Next: 59%
Magic:  1/11       EV: 12    Int: 17    God:
Gold:   203        SH:  0    Dex: 10    Spells: 8/12 levels left

rFire    . . .     SeeInvis .   j - +0 short sword (venom)
rCold    . . .     Gourm    .   (no shield)
rNeg     + . .     Faith    .   c - +0 robe
rPois    ∞         Spirit   .   (no helmet)
rElec    +         Reflect  .   (no cloak)
rCorr    .         Harm     .   (no gloves)
MR       .....                  (no boots)
Stlth    ++........             (no amulet)
Regen    0.1/turn               (no ring)
MPRegen  0.2/turn               (no ring)

@: very slightly contaminated, hasted, very quick
A: negative energy resistance 1, electricity resistance, unbreathing,
petrification resistance, rot immunity, AC +4
a: no special abilities


You were on level 4 of the Dungeon.
You were hungry.

You visited 1 branch of the dungeon, and saw 4 of its levels.

You collected 203 gold pieces.

Inventory:

Hand Weapons
 j - a +0 short sword of venom (weapon)
Missiles
 b - 126 stones (quivered)
 y - 5 javelins
Armour
 c - a +0 robe (worn)
Magical Staves
 n - an uncursed staff of fire
Jewellery
 D - an uncursed ring of wizardry {unknown}
Wands
 t - a wand of disintegration (15/24)
 x - a wand of digging (12/24)
Scrolls
 a - 2 scrolls of amnesia {unknown}
 g - 2 scrolls of remove curse {unknown}
 k - 2 scrolls of teleportation {unknown}
 l - 4 scrolls of enchant weapon {unknown}
 o - a scroll of blinking {unknown}
 s - a scroll of identify
 u - 2 scrolls of magic mapping {unknown}
 A - a scroll of enchant armour {unknown}
 B - a scroll of immolation {unknown}
Potions
 f - 2 potions of flight {unknown}
 h - 2 potions of brilliance {unknown}
 m - a potion of haste
 p - a potion of mutation {unknown}
 q - a potion of berserk rage {unknown}
 v - a potion of invisibility {unknown}
 z - a potion of ambrosia {unknown}
 C - a potion of curing {unknown}
Books
 e - a book of Geomancy

   Spells                             Type                      Level
   a - Sandblast                      Earth                        1
   b - Passwall                       Transmutation/Earth          2
   c - Stone Arrow                    Conjuration/Earth            3
   d - Petrify                        Transmutation/Earth          4
   e - Lee's Rapid Deconstruction     Earth                        5
Comestibles
 d - 2 bread rations
 i - 3 royal jellies
 r - 3 meat rations
 w - 3 fruits
 E - a chunk of flesh


   Skills:
 + Level 2.9 Dodging
 - Level 3.0 Stealth
 + Level 3.6 Spellcasting
 + Level 2.6 Conjurations
   Level 0.7 Transmutations
 + Level 5.2 Earth Magic


You had 8 spell levels left.
You knew the following spells:

 Your Spells              Type           Power        Failure   Level  Hunger
a - Sandblast             Erth           ###...       1%          1    None
b - Stone Arrow           Conj/Erth      ###...       10%         3    ###....


Dungeon Overview and Level Annotations

Branches:
Dungeon (4/15)
 Temple: D:4-7

Altars:
Nemelex Xobeh

Annotations:
D:4 Duvessa


Innate Abilities, Weirdness & Mutations

You are resistant to torment.
Your stone body is resilient. (AC +4)
You are immune to poison.
You resist negative energy. (rN+)
You are resistant to electric shocks. (rElec)
You can survive without breathing.
You are immune to petrification.
You are immune to rotting.


Message History

Duvessa is lightly wounded.
Duvessa barely misses you.
Casting: Stone Arrow
Confirm with . or Enter, or press ? or * to list all spells.
Aiming: Stone Arrow
Press: ? - help, Shift-Dir - straight line, f/p - Duvessa
Aim: Duvessa, wielding an antimagic rapier and wearing a glowing leather armour (lightly wounded, berserk, fast, unusually strong)
The stone arrow hits Duvessa.
Duvessa is moderately wounded.
You are feeling hungry.
Duvessa hits you with an antimagic rapier! x2
* * * LOW HITPOINT WARNING * * *
You hear a shout!
As you read the scroll labeled GAONOH ISYSETE, it crumbles to dust.
It is a scroll of identify.
m - 2 potions of haste Duvessa closely misses you.
You feel yourself speed up. Duvessa hits you but does no damage.
Duvessa hits you with an antimagic rapier!
You die...

#.#.####.##.#.##...##.#.#### #.#
#..#.####...##.[...#. #.#
##.#.####...####.#.#. #.#
###.#......<......#.#. # #.#
.).......(........... ###. #.#
#.................#. ....##.#
#...###############.
#...#.#######.#>.............##.
+...'.......#.#@#.....####...###
#...#.#####...e.#.###.# #...##.
#...#.# #.#.###.# #.# #...##.
#...#.# #.#...#.# #.####...##.
#...#÷# #.#...#.# #........##.
#####.# #.#...#.# #######.....
#.#####.#...#.# #.###.
#.............# #.###.
#######.###############.#...


You could see Duvessa (berserk).

Vanquished Creatures
  Dowan (D:4)
  An orc priest (D:3)
  A hound (D:4)
  2 orc wizards (D:3)
  A bullfrog skeleton (D:4)
  An iguana (D:4)
  Robin (D:4)
  3 adders
  A worm (D:3)
  2 dart slugs
  3 leopard geckos
  2 orcs
  3 ball pythons
  5 giant cockroaches
  10 goblins
  10 hobgoblins
  9 jackals
  7 kobolds
  5 quokkas
  4 bats
  4 frilled lizards
  A leopard gecko skeleton (D:3)
  8 rats
85 creatures vanquished.

Notes
Turn   | Place    | Note
-------+----------+-------------------------------------------
     0 | D:1      | FollowTheCloud the Gargoyle Earth Elementalist began the quest for the Orb.
     0 | D:1      | Reached XP level 1. HP: 10/10 MP: 3/3
    59 | D:1      | Reached XP level 2. HP: 13/15 MP: 0/5
   711 | D:1      | Reached skill level 4 in Earth Magic
   723 | D:1      | Reached XP level 3. HP: 15/19 MP: 6/6
   851 | D:1      | Learned a level 3 spell: Stone Arrow
  1356 | D:2      | Found a sparkling altar of Nemelex Xobeh.
  1495 | D:2      | You fall through a shaft!
  1510 | D:3      | Reached XP level 4. HP: 17/24 MP: 4/7
  1878 | D:3      | Reached skill level 1 in Conjurations
  1878 | D:3      | Reached XP level 5. HP: 28/28 MP: 0/9
  2692 | D:4      | Noticed Robin
  2757 | D:4      | Killed Robin
  2782 | D:4      | Reached skill level 5 in Earth Magic
  2928 | D:4      | Reached XP level 6. HP: 25/32 MP: 8/10
  2955 | D:4      | Noticed Dowan
  2956 | D:4      | Noticed Duvessa
  2986 | D:4      | Killed Dowan
  3684 | D:4      | Slain by Duvessa

Skill      XL: |  1  2  3  4  5 |
---------------+----------------+-----
Earth Magic    | 4 5 |  5.2
Dodging        | 2 |  2.9
Stealth        | 3 |  3.0
Spellcasting   | 3 |  3.6
Conjurations   | 1 2 |  2.6
Transmutations | |  0.7

Action                   |  1- 3 |  4- 6 || total
-------------------------+-------+-------++-------
Melee: Unarmed           |    26 |       ||    26
       Short sword       |    65 |    95 ||   160
Throw: Javelin           |       |     1 ||     1
 Cast: Sandblast         |    17 |    22 ||    39
       Stone Arrow       |     2 |    21 ||    23
  Use: Scroll            |       |     1 ||     1
       Potion            |       |     1 ||     1
 Stab: Sleeping          |     2 |     2 ||     4
       Distracted        |       |     1 ||     1
  Eat: Chunk             |     2 |     9 ||    11
Armor: Robe              |    32 |    33 ||    65
Dodge: Dodged            |    65 |    65 ||   130
